 Dungeon Crawl Stone Soup version 0.19-a0-1168-g98094fc (webtiles) character file.

108 HaroldButt the Ruffian (level 4, -3/23 HPs)
             Began as a Vine Stalker Fighter on Aug 15, 2016.
             Killed by divine providence
             ... invoked by an orc priest
              (9 damage)
             ... on level 3 of the Dungeon.
             The game lasted 00:05:50 (1322 turns).

HaroldButt the Ruffian (Vine Stalker Fighter)       Turns: 1322, Time: 00:05:51

Health: -3/23      AC: 12    Str: 19    XL:     4   Next: 87%
Magic:  0/5        EV:  5    Int:  8    God:
Gold:   85         SH:  0    Dex: 14    Spells: 0 memorised, 3 levels left

rFire  . . .     SeeInvis .       - Unarmed
rCold  + . .     Gourm    .     g - +0 plate armour
rNeg   . . .     Faith    .     (no shield)
rPois  .         Spirit   +     (no helmet)
rElec  .         Dismiss  .     (no cloak)
rCorr  .         Reflect  .     f - +0 pair of gloves
MR     .....     Harm     .     (no boots)
Stlth  ..........               (no amulet)
                                (no ring)
                                (no ring)

@: no status effects
A: fangs 2, cold resistance 1, regeneration 1, magic shield, antimagic bite, no
device heal 3, rot immunity
a: no special abilities


You were on level 3 of the Dungeon.
You were hungry.

You visited 1 branch of the dungeon, and saw 3 of its levels.

You collected 85 gold pieces.


Innate Abilities, Weirdness & Mutations

You have extremely sharp teeth.
Your natural rate of healing is unusually fast.
When hurt, damage is shared between your health and your magic reserves.
Your bite disrupts and absorbs the magic of your enemies.
Potions and wands cannot restore your health.
You are immune to rotting.
Your flesh is cold resistant. (rC+)


   Skills:
 - Level 2.6 Fighting
 - Level 2.4 Armour
 - Level 2.6 Shields
 + Level 4.9 Unarmed Combat


You had 3 spell levels left.
You didn't know any spells.

Inventory:

Missiles
 e - 109 stones (quivered)
Armour
 b - a +0 shield
 f - a +0 pair of gloves (worn)
 g - a +0 plate armour (worn)
Scrolls
 a - a scroll of blinking
 k - a scroll of fear
 m - 3 scrolls of remove curse
 n - a scroll of identify {@r1}
Potions
 c - 2 potions of might
 h - 3 potions of degeneration {unknown}
 j - a potion of berserk rage {unknown}
 l - a potion of magic {unknown}
 o - a potion of curing {unknown}
 p - a potion of haste {unknown}
 q - a potion of heal wounds {unknown}
 s - a potion of flight {unknown}
Comestibles
 d - 2 bread rations
 i - 5 fruits
 r - a chunk of flesh

Dungeon Overview and Level Annotations

Branches:
Dungeon (3/15)

Altars:
Xom
The Shining One

Annotations:
D:3 1 runed door

▒ ▒.▒ ▒▒..▒▒ ▒ ▒.▒
▒....▒ ▒.▒ ▒...▒▒
▒▒▒.▒ ▒▒.▒▒ ▒...▒
▒..▒ ▒.▒▒▒ ▒▒.▒▒
▒▒▒▒ ▒.▒▒▒▒▒▒▒▒..▒
.....▒▒..........▒▒
▒▒▒▒▒▒▒▒▒▒▒▒▒▒▒▒f▒
oo ▒.▒ ▒o▒ ▒o▒ ▒.▒
▒.▒▒▒▒.▒ ▒.o.▒▒.▒
▒...▒▒.▒
▒▒▒▒.o.▒▒.▒
▒.▒.........▒
▒.....(..>..▒▒


You could see an orc priest and 2 orcs.


Message History

You feel sick. Jessica hits you with a club.
You closely miss Jessica. You bite Jessica.
Jessica's magic leaks into the air.
You drain her magic.
You feel invigorated.
You kill Jessica!
Things that are here:
a club a robe You feel sick.
q - a purple potion An orc and an orc priest come into view.
The orc priest shouts!
The orc shouts!
An orc comes into view. It is wielding a mace.
You feel sick.
You are no longer poisoned.
r - a chunk of flesh
s - a silvery potion The orc shouts!
The orc hits you but does no damage.
The orc priest invokes the aid of Beogh against you.
Beogh smites you!
* * * LOW HITPOINT WARNING * * *
The orc priest miscasts a cantrip.
The orc priest mumbles some strange prayers to Beogh against you.
Beogh smites you!
You die...

Action                   |  1- 3 |  4- 6 || total
-------------------------+-------+-------++-------
Melee: Unarmed           |   155 |    32 ||   187
       Bite              |    36 |    12 ||    48
       Punch             |     2 |     1 ||     3
  Use: Scroll            |     8 |     5 ||    13
       Potion            |     1 |       ||     1
  Eat: Chunk             |       |     1 ||     1
Armor: Scale mail        |    58 |       ||    58
       Plate armour      |    26 |    18 ||    44
Dodge: Dodged            |    67 |     7 ||    74

Vault maps used:
D:1:      dpeg_arrival_boxorama
D:2:      xom_teletrap_fun, tso_metal_star
D:3:      kennysheep_generic_room_9, uniq_crazy_yiuf_cottage, uniq_jessica

Notes
Turn   | Place    | Note
-------+----------+-------------------------------------------
     0 | D:1      | HaroldButt the Vine Stalker Fighter began the quest for the Orb.
     0 | D:1      | Reached XP level 1. HP: 11/11 MP: 2/2
   106 | D:1      | Reached XP level 2. HP: 14/16 MP: 1/3
   213 | D:1      | Reached skill level 3 in Unarmed Combat
   438 | D:1      | Gained mutation: Your flesh is cold resistant. (rC+) [potion of beneficial mutation]
   585 | D:1      | Reached XP level 3. HP: 19/19 MP: 4/4
   741 | D:2      | Found a shimmering altar of Xom.
   845 | D:2      | Reached skill level 4 in Unarmed Combat
   907 | D:2      | Found a glowing golden altar of the Shining One.
   946 | D:2      | Reached XP level 4. HP: 23/23 MP: 5/5
  1260 | D:3      | Found a runed door.
  1292 | D:3      | Noticed Jessica
  1301 | D:3      | Killed Jessica
  1322 | D:3      | Killed from afar by an orc priest

Vanquished Creatures
  Jessica (D:3)
  2 adders
  An ooze (D:2)
  A worm (D:2)
  2 dart slugs
  A giant gecko (D:2)
  8 goblins
  6 hobgoblins
  5 jackals
  A quokka (D:2)
  A ball python (D:1)
  6 bats
  A giant newt (D:2)
  6 kobolds
  8 rats
50 creatures vanquished.
